 Dungeon Crawl Stone Soup version 0.27-a0-597-g524d869a0f (webtiles) character file.

Game seed: 1297687648078108519

150486 wakim the Hand of Fortune (level 17, -4/134 HPs)
             Began as a Gnoll Wanderer on Mar 10, 2021.
             Was the Champion of Nemelex Xobeh.
             Killed from afar by a will-o-the-wisp (20 damage)
             ... with a foxfire
             ... on level 3 of the Swamp on Mar 11, 2021.
             The game lasted 02:53:15 (35536 turns).

wakim the Hand of Fortune (Gnoll Wanderer)         Turns: 35536, Time: 02:53:15

Health: -4/134     AC: 13    Str: 15    XL:     17   Next: 53%
Magic:  31/32      EV: 16    Int: 28    God:    Nemelex Xobeh [******]
Gold:   1232       SH:  9    Dex: 12    Spells: 9/39 levels left

rFire    . . .     SeeInvis .   a - +7 trident "Hake" {elec, +Blink Int+10}
rCold    + . .     Faith    .   b - +2 buckler {rC+}
rNeg     . . .     Spirit   .   w - +2 leather armour {Will+}
rPois    +         Reflect  .   R - +2 hat
rElec    +         Harm     .   L - +1 cloak {rCorr}
rCorr    +         Rampage  .   t - +1 pair of gloves {Stlth+}
Will     +++..                  (no boots)
Stlth    +++.......             k - amulet of regeneration
HPRegen  1.32/turn              U - ring of the Vanishing Tusks {rElec rPois Str+3}
MPRegen  0.23/turn              T - ring of willpower

@: very slow
A: fangs 1, strong nose, distributed training
a: Renounce Religion, Evoke Blink, Draw Escape, Draw Destruction, Draw
Summoning, Triple Draw, Deal Four, Stack Five


You were on level 3 of the Swamp.
You worshipped Nemelex Xobeh.
Nemelex Xobeh was exalted by your worship.
You visited 5 branches of the dungeon, and saw 27 of its levels.
You visited the Abyss 1 time.
You also visited: Sewer, Gauntlet and Ice Cave.

You collected 3224 gold pieces.
You spent 1992 gold pieces at shops.

Inventory:

Hand Weapons
 a - the +7 trident "Hake" (weapon) {elec, +Blink Int+10}
   (You found it on level 9 of the Dungeon)

   Occasionally, upon striking a foe, it can discharge electrical energy and
   cause terrible harm.
   It affects your intelligence (+10).
   It lets you blink.
 u - a +2 morningstar of freezing
 S - the +1 trident of Putrescence {vorpal, rPois Will+}
   (You took it off a spriggan on level 3 of the Lair of Beasts)

   It inflicts extra damage upon your enemies.
   It protects you from poison.
   It affects your willpower, your defense against some magical effects.
Missiles
 c - 70 bolts
Armour
 b - a +2 buckler of cold resistance (worn)
 t - a +1 pair of gloves of stealth (worn)
 w - a +2 leather armour of willpower (worn)
 B - a +2 robe of resistance
 E - +0 swamp dragon scales
 L - a +1 cloak of preservation (worn)
 R - a +2 hat (worn)
Jewellery
 j - a +4 ring of evasion
 k - an amulet of regeneration (around neck)
 x - an amulet of reflection
 D - a ring of wizardry
 H - the ring "Ditairic" {+Inv rPois rF+ MP+9 Dex-3}
   (You found it on level 1 of the Swamp)

   [ring of magical power]

   It affects your dexterity (-3).
   It protects you from fire.
   It protects you from poison.
   It affects your magic capacity (+9).
   It lets you turn invisible.
 N - a ring of resist corrosion
 P - an amulet of faith
 T - a ring of willpower (left hand)
 U - the ring of the Vanishing Tusks (right hand) {rElec rPois Str+3}
   (You bought it in a shop on level 2 of the Orcish Mines)

   [ring of poison resistance]

   It affects your strength (+3).
   It insulates you from electricity.
   It protects you from poison.
 V - a ring of ice
 X - a ring of protection from fire
 Y - a ring of fire
Wands
 s - a wand of flame (24)
 y - a wand of digging (4)
 C - a wand of iceblast (34)
 G - a wand of polymorph (6)
 O - a wand of charming (9)
 Q - a wand of acid (13)
 W - a wand of paralysis (18)
Scrolls
 h - 11 scrolls of teleportation
 i - 7 scrolls of enchant armour
 m - 7 scrolls of magic mapping
 n - 4 scrolls of amnesia
 o - 2 scrolls of blinking
 v - 7 scrolls of fog
 F - a scroll of holy word
 I - 2 scrolls of enchant weapon
 J - 3 scrolls of fear
 K - 12 scrolls of identify
 M - a scroll of brand weapon
 Z - a scroll of silence
Potions
 d - 10 potions of curing
 e - 5 potions of flight
 f - 2 potions of brilliance
 g - a potion of berserk rage
 l - a potion of magic
 p - 4 potions of heal wounds
 q - 2 potions of ambrosia
 r - 2 potions of might
 z - 9 potions of haste
 A - 3 potions of resistance


   Skills:
 + Level 12.3 Fighting
 + Level 11.5 Short Blades
 + Level 11.5 Long Blades
 + Level 11.5 Axes
 + Level 11.8 Maces & Flails
 + Level 11.5 Polearms
 + Level 11.5 Staves
 + Level 11.5 Slings
 + Level 11.5 Bows
 + Level 11.5 Crossbows
 + Level 11.5 Throwing
 + Level 11.5 Armour
 + Level 11.5 Dodging
 + Level 11.5 Stealth
 + Level 12.3 Shields
 + Level 11.5 Unarmed Combat
 + Level 11.5 Spellcasting
 + Level 9.9 Conjurations
 + Level 9.9 Hexes
 + Level 9.9 Summonings
 + Level 9.9 Necromancy
 + Level 9.9 Translocations
 + Level 9.9 Transmutations
 + Level 9.9 Fire Magic
 + Level 10.1 Ice Magic
 + Level 9.9 Air Magic
 + Level 9.9 Earth Magic
 + Level 11.9 Poison Magic
 + Level 12.5 Invocations
 + Level 11.5 Evocations


You had 9 spell levels left.
You knew the following spells:

 Your Spells              Type           Power      Damage    Failure   Level
a - Olgreb's Toxic Radia  Pois           70%        N/A       1%          4
b - Poisonous Vapours     Pois/Air       100%       N/A       1%          2
c - Ignite Poison         Fire/Tmut/Pois 66%        N/A       1%          3
d - Iskenderun's Mystic   Conj/Tloc      64%        2d13      1%          4
e - Fireball              Conj/Fire      32%        3d14      1%          5
f - Starburst             Conj/Fire      32%        8x6d10    11%         6
g - Dispersal             Tloc           32%        N/A       11%         6

Your spell library contained the following spells:

 Spells                   Type           Power      Damage    Failure   Level
 Animate Skeleton         Necr           100%       N/A       1%          1
 Beastly Appendage        Tmut           100%       N/A       1%          1
 Foxfire                  Conj/Fire      100%       2x1d9     1%          1
 Freeze                   Ice            100%       1d11      1%          1
 Magic Dart               Conj           100%       1d8       1%          1
 Pain                     Necr           100%       1d9       1%          1
 Sting                    Tmut/Pois      100%       1d8       1%          1
 Blink                    Tloc           N/A        N/A       1%          2
 Call Imp                 Summ           64%        N/A       1%          2
 Searing Ray              Conj           100%       3d7       1%          2
 Slow                     Hex            64%        N/A       1%          2
 Wereblood                Tmut           64%        N/A       1%          2
 Conjure Flame            Conj/Fire      64%        6-21      1%          3
 Dazzling Flash           Conj/Hex       100%       N/A       1%          3
 Frozen Ramparts          Ice            100%       1d12      1%          3
 Gell's Gravitas          Tloc           32%        N/A       1%          3
 Mephitic Cloud           Conj/Pois/Air  66%        N/A       1%          3
 Ozocubu's Armour         Ice            64%        N/A       1%          3
 Portal Projectile        Hex/Tloc       100%       N/A       1%          3
 Spider Form              Tmut/Pois      33%        N/A       1%          3
 Vampiric Draining        Necr           32%        2d10      1%          3
 Animate Dead             Necr           32%        N/A       1%          4
 Cause Fear               Hex            32%        N/A       1%          4
 Fulminant Prism          Conj/Hex       32%        3d16      1%          4
 Hailstorm                Conj/Ice       64%        3d14      1%          4
 Ice Form                 Ice/Tmut       64%        N/A       1%          4
 Manifold Assault         Tloc           64%        N/A       1%          4
 Passage of Golubria      Tloc           N/A        N/A       1%          4
 Summon Ice Beast         Ice/Summ       64%        N/A       1%          4
 Agony                    Necr           64%        N/A       1%          5
 Blade Hands              Tmut           32%        N/A       1%          5
 Bolt of Magma            Conj/Fire/Erth 32%        4d14      1%          5
 Iskenderun's Battlesphe  Conj           64%        2d11      1%          5
 Metabolic Englaciation   Hex/Ice        32%        N/A       1%          5
 Summon Forest            Summ/Tloc      32%        N/A       1%          5
 Summon Mana Viper        Hex/Summ       64%        N/A       1%          5
 Simulacrum               Ice/Necr       32%        N/A       10%         6
 Iron Shot                Conj/Erth      32%        9d7       11%         6
 Shadow Creatures         Summ           N/A        N/A       11%         6
 Ozocubu's Refrigeration  Ice            32%        4d11      45%         7
 Dragon Form              Tmut           32%        N/A       50%         7
 Orb of Destruction       Conj           32%        9d12      50%         7
 Spellforged Servitor     Conj/Summ      32%        N/A       50%         7
 Summon Hydra             Summ           32%        N/A       50%         7
 Disjunction              Tloc           32%        N/A       99%         8
 Ignition                 Fire           32%        3d10      99%         8
 Dragon's Call            Summ           32%        N/A       100%        9


Dungeon Overview and Level Annotations

Branches:
Dungeon (15/15)            Temple (1/1) D:4            Lair (6/6) D:11
  Swamp (3/4) Lair:3        Snake (0/4) Lair:4        Slime (0/5) Lair:6
    Orc (2/2) D:11            Elf (0/3) Orc:2        Vaults (0/5) D:13
 Depths (0/5) D:15          Sewer (visited)           IceCv (visited)
Gauntlet (visited)

Altars:
Elyvilon
Nemelex Xobeh
Ru
Trog
Wu Jian
Xom
Yredelemnul
The Shining One
Beogh
Jiyva

Shops:
D:4 ?   D:11 (   Orc:2 =([:


Innate Abilities, Weirdness & Mutations

You have very sharp teeth.
Your uncanny sense of smell can sniff out nearby items.
Your experience applies equally to all skills.


Message History

* * * LOW HITPOINT WARNING * * *
You are splashed with acid.
You resist.
* * * LOW HITPOINT WARNING * * *
The will-o-the-wisp misses you. You block the goliath frog's attack.
You draw a card...
You have drawn the Cloud.
Clouds appear around you!
The will-o-the-wisp engulfs you but does no damage.
The goliath frog misses you.
You draw a card...
You have drawn the Elixir.
You begin rapidly regenerating health and magic.
The goliath frog hits you but does no damage.
The will-o-the-wisp misses you.
You draw... (choose one card, ? for their descriptions) a - Velocity b - Velocity
c - the Cloud You have drawn Velocity.
The goliath frog seems to slow down.
The will-o-the-wisp engulfs you!
* * * LOW HITPOINT WARNING * * *
The goliath frog completely misses you.
The will-o-the-wisp gestures.
The will-o-the-wisp conjures some foxfire! 2 foxfires come into view.
The foxfire hits you!
* * * LOW HITPOINT WARNING * * *
The foxfire moves out of view.
You enter the shallow water.
Moving in this stuff is going to be slow.
The eight-headed hydra roars!
The foxfire dissipates!
The will-o-the-wisp gestures.
The will-o-the-wisp conjures some foxfire!
You block the goliath frog's attack.
The will-o-the-wisp gestures.
The will-o-the-wisp conjures some foxfire! 4 foxfires come into view.
The goliath frog is no longer moving slowly.
The foxfire hits you!!
You die...
Your body glows slightly and disappears.

≈≈≈.(♣♣ ♣>♣≈≈.≈§♣ ♣♣♣...♣
♣.§≈≈.§§♣∆ ♣..♣♣
♣§§§.≈≈≈♣♣ ♣..♣
♣♣vD§§≈≈.≈♣ ♣♣♣..♣
♣.vv§v.♣≈≈♣ ≈...≈♣
♣♣§F§§.≈≈≈♣ .♣♣♣≈♣
♣♣§♣v.≈§.♣ .†♣♣≈♣
♣♣v≈...≈♣
♣....♣♣♣♣♣♣♣♣♣♣♣@≈≈..<.♣
♣♣♣≈..≈≈♣♣≈♣♣.<.[.§.§≈≈♣
♣.≈≈≈..≈≈≈.[...♣...≈≈≈♣
♣♣..≈♣♣♣♣♣≈♣♣♣♣♣♣.≈≈§.♣..
∆ ♣...♣♣ ♣♣♣ ♣♣.≈§♣♣♣.
..♣♣♣ ♣≈≈.♣ ♣♣ ♣♣♣ ♣♣≈>♣
♣ ♣.♣♣ ♣♣


You could see an eight-headed hydra, a goliath frog and a will-o-the-wisp.

Vanquished Creatures
  Saint Roka (Orc:1)
  Gastronok (Lair:3)
  Frances (D:13)
  A shadow dragon (Swamp:2)
  A fenstrider witch (Swamp:2)
  6 bunyips
  A minotaur (Gauntlet)
  3 eleionomae
  The ghost of Vias the Reanimator, a journeyman DsWn of Ashenzari (Lair:3)
  Erolcha (D:11)
  2 ice dragons (D:15)
  A catoblepas (Lair:2)
  6 boulder beetles
  10 hydras
  4 centaur warriors
  An ogre mage (Orc:2)
  7 two-headed ogres
  6 alligators
  An orc high priest (Orc:2)
  9 death yaks
  Nergalle (D:10)
  5 slime creatures (D:15)
  11 spriggans
  2 goliath frogs
  3 unseen horrors
  3 spriggan druids
  A swamp dragon (Swamp:1)
  A bog body (Swamp:1)
  Pikel (D:4)
  A wizard (D:13)
  4 orc knights
  2 necromancers
  2 deep elf pyromancers
  A wolf spider (Lair:6)
  8 ugly things
  6 oklob plants
  6 cyclopes
  3 manticores
  Joseph (Lair:1)
  4 orc sorcerers
  7 elephants
  A guardian serpent (Lair:6)
  10 black mambas
  2 black mambas (shapeshifter) (D:15)
  An ice statue (IceCv)
  3 gargoyles
  2 torpor snails
  21 cane toads
  5 centaur skeletons
  3 rime drakes
  4 yaktaurs (D:14)
  Psyche (D:10)
  9 komodo dragons
  13 freezing wraiths
  A tengu conjurer (D:15)
  A polar bear (Lair:3)
  A queen bee (shapeshifter) (D:13)
  A queen bee (Lair:6)
  A bloated husk (Swamp:3)
  A meliai (D:15)
  10 trolls
  14 hornets
  A wind drake (shapeshifter) (D:13)
  5 tyrant leeches
  20 blink frogs
  9 dream sheep
  2 shadows
  2 redbacks (Lair:6)
  80 yaks
  A vampire (D:11)
  3 wraiths (D:15)
  16 wyverns
  11 basilisks
  6 vampire mosquitoes
  A steam dragon (Lair:5)
  Menkaure (D:7)
  18 swamp worms
  An acid dragon (D:15)
  A warg (Orc:1)
  3 soldier ants
  18 water moccasins
  10 ice beasts
  4 necrophages
  A black bear (Lair:3)
  34 orc warriors
  An alligator simulacrum (IceCv)
  11 ogres
  4 sky beasts
  9 wolves
  13 centaurs
  2 eyes of draining
  The ghost of semitonal the Poker, an amateur MfGl (D:3)
  A boggart (Lair:3)
  2 phantoms
  3 lemures (D:4)
  A kobold brigand (D:12)
  23 bullfrogs
  2 gnoll sergeants (D:10)
  3 scorpions
  A troll zombie (D:15)
  An elephant simulacrum (IceCv)
  A swamp dragon simulacrum (IceCv)
  7 wights
  2 electric eels (Lair:5)
  10 howler monkeys
  A bullfrog zombie (D:10)
  3 centaur zombies
  2 quasits (D:10)
  3 draconian simulacra (IceCv)
  3 gnoll shamans
  7 jellies
  2 human zombies (D:15)
  4 bullfrog skeletons
  4 hounds
  20 orc priests
  A human skeleton (D:15)
  3 iguanas
  26 orc wizards
  13 worker ants
  A polar bear simulacrum (IceCv)
  A spriggan simulacrum (IceCv)
  2 troll simulacra (IceCv)
  A bullfrog simulacrum (D:12)
  5 centaur simulacra (IceCv)
  A worker ant zombie (D:5)
  A howler monkey zombie (D:10)
  2 mummies (D:15)
  24 gnolls
  13 adders
  6 naga simulacra (IceCv)
  3 ogre simulacra (IceCv)
  A river rat (D:3)
  2 shadow imps
  15 white imps
  An ufetubus (D:5)
  6 oozes
  7 worms
  2 dart slugs
  10 leopard geckos
  115 orcs
  8 ball pythons
  10 giant cockroaches
  5 goblins
  8 hobgoblins
  6 jackals
  6 quokkas
  A ball python zombie (D:6)
  6 bats
  13 frilled lizards
  A jackal zombie (D:7)
  16 kobolds
  A leopard gecko skeleton (D:7)
  An orc zombie (D:15)
  A quokka skeleton (D:9)
  5 rats
  19 briar patches (Swamp:1)
1006 creatures vanquished.

Vanquished Creatures (collateral kills)
  The ghost of Anon1729 the Covert, a journeyman DgAE (D:12)
  A hydra (Lair:2)
  A cyclops (D:15)
  2 black mambas
  2 cane toads (Lair:2)
  A centaur skeleton (D:12)
  A rime drake (Lair:5)
  3 water moccasins (Lair:4)
  An orc warrior (Orc:2)
  A howler monkey (D:7)
  3 adders (Lair:4)
  An adder skeleton (D:7)
  An orc (Orc:2)
19 creatures vanquished.

Vanquished Creatures (others)
  Nikola (Swamp:1)
  A vampire mosquito (D:12)
  A hound (D:5)
  An orc wizard (D:5)
  2 worker ants (D:5)
  An orc (Orc:1)
  A bush (Lair:6)
  6 foxfires (Swamp:3)
  45 fungi
  129 plants
188 creatures vanquished.

Grand Total: 1213 creatures vanquished

Notes
Turn   | Place    | Note
-------+----------+-------------------------------------------
     0 | D:1      | wakim the Gnoll Wanderer began the quest for the Orb.
     0 | D:1      | wakim set off with the following items: a +0 shortbow, 23
                  | arrows, a potion of curing, a +0 robe; and the following
                  | spell memorised: Sting; and the following spells available
                  | to memorise: Poisonous Vapours, Olgreb's Toxic Radiance,
                  | Ignite Poison, Mephitic Cloud
     0 | D:1      | Reached XP level 1. HP: 20/20 MP: 1/1
   357 | D:1      | Reached XP level 2. HP: 23/26 MP: 2/2
  1210 | D:1      | Reached XP level 3. HP: 31/31 MP: 3/3
  1507 | D:2      | Learned a level 2 spell: Poisonous Vapours
  1531 | D:2      | Reached skill level 1 in Invocations
  1840 | D:2      | Reached skill level 1 in Short Blades
  1840 | D:2      | Reached skill level 1 in Long Blades
  1840 | D:2      | Reached skill level 1 in Axes
  1840 | D:2      | Reached skill level 1 in Polearms
  1840 | D:2      | Reached skill level 1 in Staves
  1840 | D:2      | Reached skill level 1 in Slings
  1840 | D:2      | Reached skill level 1 in Bows
  1840 | D:2      | Reached skill level 1 in Crossbows
  1840 | D:2      | Reached skill level 1 in Throwing
  1840 | D:2      | Reached skill level 1 in Armour
  1840 | D:2      | Reached skill level 1 in Dodging
  1840 | D:2      | Reached skill level 1 in Stealth
  1840 | D:2      | Reached skill level 1 in Unarmed Combat
  1840 | D:2      | Reached skill level 1 in Spellcasting
  1840 | D:2      | Reached skill level 1 in Evocations
  2115 | D:2      | Reached XP level 4. HP: 38/38 MP: 0/5
  2151 | D:2      | Found a white marble altar of Elyvilon.
  2632 | D:3      | Found a glowing drain.
  2665 | Sewer    | Entered a sewer
  2708 | Sewer    | Reached skill level 1 in Conjurations
  2708 | Sewer    | Reached skill level 1 in Hexes
  2708 | Sewer    | Reached skill level 1 in Summonings
  2708 | Sewer    | Reached skill level 1 in Necromancy
  2708 | Sewer    | Reached skill level 1 in Translocations
  2708 | Sewer    | Reached skill level 1 in Transmutations
  2708 | Sewer    | Reached skill level 1 in Fire Magic
  2708 | Sewer    | Reached skill level 1 in Air Magic
  2708 | Sewer    | Reached skill level 1 in Earth Magic
  3125 | Sewer    | Noticed a bullfrog
  3135 | Sewer    | Killed a bullfrog
  3136 | Sewer    | Reached XP level 5. HP: 41/43 MP: 2/7
  3531 | D:3      | Found a runed translucent gate.
  3531 | D:3      | Found a runed translucent gate.
  3531 | D:3      | Found a runed translucent gate.
  3535 | D:3      | Noticed semitonal's ghost (amateur MfGl)
  3716 | D:3      | Learned a level 4 spell: Olgreb's Toxic Radiance
  4050 | D:3      | Found a faded altar of an unknown god.
  4068 | D:3      | Reached XP level 6. HP: 50/50 MP: 0/8
  4196 | D:3      | Became a worshipper of Nemelex Xobeh the Trickster
  4196 | D:3      | Reached * piety under Nemelex Xobeh
  4196 | D:3      | Received a gift from Nemelex Xobeh
  4734 | D:4      | Found Xirhe's Magic Scroll Emporium.
  4738 | D:4      | Bought a scroll of magic mapping for 42 gold pieces
  4787 | D:4      | Reached skill level 5 in Fighting
  4787 | D:4      | Reached skill level 5 in Shields
  4857 | D:4      | Received a gift from Nemelex Xobeh
  5049 | D:4      | Found a staircase to the Ecumenical Temple.
  5058 | Temple   | Entered the Ecumenical Temple
  5153 | D:4      | Reached ** piety under Nemelex Xobeh
  5174 | D:5      | Entered Level 5 of the Dungeon
  5293 | D:5      | Learned a level 3 spell: Ignite Poison
  5319 | D:5      | Noticed a necrophage
  5335 | D:5      | Killed a necrophage
  5503 | D:5      | Found a shimmering altar of Xom.
  5594 | D:5      | Reached XP level 7. HP: 56/56 MP: 10/10
  6319 | D:6      | Received a gift from Nemelex Xobeh
  6898 | D:6      | Reached XP level 8. HP: 47/63 MP: 12/12
  7401 | D:7      | Reached *** piety under Nemelex Xobeh
  7666 | D:7      | Noticed Menkaure
  7682 | D:7      | Noticed a wyvern
  7693 | D:7      | Killed Menkaure
  7781 | D:7      | Received a gift from Nemelex Xobeh
  8177 | D:8      | Reached XP level 9. HP: 69/69 MP: 4/14
  8650 | D:8      | Reached skill level 5 in Maces & Flails
  8651 | D:8      | Found an ornate altar of the Wu Jian Council.
  9114 | D:9      | Reached skill level 5 in Invocations
  9214 | D:9      | Learned a level 3 spell: Mephitic Cloud
  9510 | D:9      | Identified the +7 trident "Hake" {elec, +Blink Int+10}
  9518 | D:9      | Noticed a manticore
  9531 | D:9      | Killed a manticore
  9532 | D:9      | Reached XP level 10. HP: 77/77 MP: 3/17
  9710 | D:10     | Entered Level 10 of the Dungeon
  9718 | D:10     | Reached **** piety under Nemelex Xobeh
  9745 | D:10     | Received a gift from Nemelex Xobeh
  9756 | D:10     | Reached skill level 5 in Short Blades
  9756 | D:10     | Reached skill level 5 in Long Blades
  9756 | D:10     | Reached skill level 5 in Axes
  9756 | D:10     | Reached skill level 5 in Polearms
  9756 | D:10     | Reached skill level 5 in Staves
  9756 | D:10     | Reached skill level 5 in Slings
  9756 | D:10     | Reached skill level 5 in Bows
  9756 | D:10     | Reached skill level 5 in Crossbows
  9756 | D:10     | Reached skill level 5 in Throwing
  9756 | D:10     | Reached skill level 5 in Armour
  9756 | D:10     | Reached skill level 5 in Dodging
  9756 | D:10     | Reached skill level 5 in Stealth
  9756 | D:10     | Reached skill level 5 in Unarmed Combat
  9756 | D:10     | Reached skill level 5 in Spellcasting
  9756 | D:10     | Reached skill level 5 in Evocations
  9846 | D:10     | Noticed Psyche
  9855 | D:10     | Identified the +1 robe of Zayrom {rPois rN+ Dex-2}
 10061 | D:10     | Reached skill level 5 in Ice Magic
 10251 | D:10     | Noticed Nergalle
 10265 | D:10     | Killed Nergalle
 10383 | D:10     | Found a sparkling altar of Nemelex Xobeh.
 10760 | D:10     | Received a gift from Nemelex Xobeh
 11012 | D:10     | Killed Psyche
 11123 | D:11     | Reached XP level 11. HP: 84/84 MP: 11/19
 11381 | D:11     | Reached skill level 5 in Conjurations
 11381 | D:11     | Reached skill level 5 in Hexes
 11381 | D:11     | Reached skill level 5 in Summonings
 11381 | D:11     | Reached skill level 5 in Necromancy
 11381 | D:11     | Reached skill level 5 in Translocations
 11381 | D:11     | Reached skill level 5 in Transmutations
 11381 | D:11     | Reached skill level 5 in Fire Magic
 11381 | D:11     | Reached skill level 5 in Air Magic
 11381 | D:11     | Reached skill level 5 in Earth Magic
 12176 | D:11     | Found a staircase to the Orcish Mines.
 12399 | D:11     | Found a staircase to the Lair.
 12418 | D:11     | Noticed a boulder beetle
 12424 | D:11     | Killed a boulder beetle
 12540 | D:11     | Noticed Erolcha
 12545 | D:11     | Killed Erolcha
 12636 | D:11     | Found Bauxix's Antique Weapon Shoppe.
 12795 | Orc:1    | Entered Level 1 of the Orcish Mines
 12892 | Orc:2    | Entered Level 2 of the Orcish Mines
 12925 | Orc:1    | Noticed an orc knight
 12925 | Orc:1    | Noticed an orc sorcerer
 12927 | Orc:1    | Killed an orc sorcerer
 12936 | Orc:1    | Killed an orc knight
 13465 | Orc:2    | Reached XP level 12. HP: 93/93 MP: 14/22
 13666 | Orc:2    | Received a gift from Nemelex Xobeh
 13707 | Orc:2    | Noticed a two-headed ogre
 13709 | Orc:2    | Noticed a two-headed ogre
 13711 | Orc:2    | Noticed a two-headed ogre
 13714 | Orc:2    | Killed a two-headed ogre
 13717 | Orc:2    | Killed a two-headed ogre
 13722 | Orc:2    | Killed a two-headed ogre
 13821 | Orc:2    | Noticed an ogre mage
 13823 | Orc:2    | Noticed a two-headed ogre
 13832 | Orc:2    | Killed a two-headed ogre
 13832 | Orc:2    | Killed an ogre mage
 14133 | Orc:2    | Reached ***** piety under Nemelex Xobeh
 14315 | Orc:2    | Found Mutro's Book Boutique.
 14451 | Orc:2    | Found a staircase to the Elven Halls.
 14456 | Orc:2    | Found Ucohips's Jewellery Boutique.
 14738 | Orc:2    | Noticed Saint Roka
 14739 | Orc:2    | Noticed an orc high priest
 14745 | Orc:2    | Killed an orc high priest
 15166 | Orc:2    | Found Suet Ame's Antique Weapon Emporium.
 15168 | Orc:2    | Found Doghad's Antique Armour Shoppe.
 15184 | Orc:2    | Bought an embroidered cloak for 247 gold pieces
 15262 | Orc:2    | Received a gift from Nemelex Xobeh
 15632 | Orc:1    | Killed Saint Roka
 15633 | Orc:1    | Reached XP level 13. HP: 45/101 MP: 4/25
 15799 | Lair:1   | Entered Level 1 of the Lair of Beasts
 15952 | Lair:1   | Noticed Joseph
 15960 | Lair:1   | Killed Joseph
 16236 | Lair:1   | Received a gift from Nemelex Xobeh
 17268 | Lair:2   | Reached skill level 10 in Poison Magic
 17773 | Lair:2   | Learned a level 4 spell: Iskenderun's Mystic Blast
 18325 | Lair:2   | HP: 5/103 [eight-headed hydra (11)]
 18327 | Lair:2   | Reached XP level 14. HP: 6/109 MP: 21/26
 18365 | Lair:2   | Reached skill level 10 in Fighting
 18365 | Lair:2   | Reached skill level 10 in Shields
 18963 | Lair:3   | Received a gift from Nemelex Xobeh
 18997 | Lair:3   | Found a staircase to the Swamp.
 19168 | Lair:3   | Learned a level 5 spell: Fireball
 19221 | Lair:3   | Noticed Gastronok
 19230 | Lair:3   | Killed Gastronok
 19375 | Lair:3   | Found a runed translucent door.
 19378 | Lair:3   | Identified the +1 trident of Putrescence {vorpal, rPois
                  | Will+}
 19381 | Lair:3   | Noticed Vias's ghost (journeyman DsWn)
 19405 | Lair:3   | Killed Vias's ghost
 19633 | Lair:3   | Received a gift from Nemelex Xobeh
 19822 | Lair:3   | Reached skill level 10 in Invocations
 20472 | Orc:2    | Bought the ring of the Vanishing Tusks {rElec rPois Str+3}
                  | for 443 gold pieces
 20734 | D:4      | Noticed Pikel
 20742 | D:4      | Killed Pikel
 20803 | D:3      | Killed semitonal's ghost
 21319 | Lair:4   | Found a staircase to the Snake Pit.
 22184 | Lair:5   | Received a gift from Nemelex Xobeh
 22586 | Lair:5   | Received a gift from Nemelex Xobeh
 22726 | Lair:5   | Reached skill level 10 in Maces & Flails
 23211 | Lair:5   | Upgraded the game from 0.27-a0-590-g94244163b4 to
                  | 0.27-a0-597-g524d869a0f
 23220 | Lair:5   | Learned a level 6 spell: Starburst
 23243 | Lair:6   | Entered Level 6 of the Lair of Beasts
 23243 | Lair:6   | Received a gift from Nemelex Xobeh
 23337 | Lair:6   | Reached XP level 15. HP: 117/117 MP: 23/28
 23889 | Lair:6   | Reached skill level 10 in Short Blades
 23889 | Lair:6   | Reached skill level 10 in Long Blades
 23889 | Lair:6   | Reached skill level 10 in Axes
 23889 | Lair:6   | Reached skill level 10 in Polearms
 23889 | Lair:6   | Reached skill level 10 in Staves
 23889 | Lair:6   | Reached skill level 10 in Slings
 23889 | Lair:6   | Reached skill level 10 in Bows
 23889 | Lair:6   | Reached skill level 10 in Crossbows
 23889 | Lair:6   | Reached skill level 10 in Throwing
 23889 | Lair:6   | Reached skill level 10 in Armour
 23889 | Lair:6   | Reached skill level 10 in Dodging
 23889 | Lair:6   | Reached skill level 10 in Stealth
 23889 | Lair:6   | Reached skill level 10 in Unarmed Combat
 23889 | Lair:6   | Reached skill level 10 in Spellcasting
 23889 | Lair:6   | Reached skill level 10 in Evocations
 24321 | Lair:6   | Received a gift from Nemelex Xobeh
 24429 | Lair:6   | Found a runed translucent door.
 24620 | Lair:6   | Found a viscous altar of Jiyva.
 24657 | Lair:6   | Found a staircase to the Slime Pits.
 24737 | Lair:6   | Identified the +2 robe of Servitude {Rampage Stlth+}
 25373 | D:12     | Found a frozen archway.
 25427 | IceCv    | Entered an ice cave
 25726 | IceCv    | Found an ancient bone altar of Kikubaaqudgha.
 26082 | IceCv    | Identified the Reference Book on the Snowflakes
 26327 | D:12     | Found a transporter.
 26343 | D:12     | Received a gift from Nemelex Xobeh
 26391 | D:12     | Noticed Anon1729's ghost (journeyman DgAE)
 26405 | D:12     | Found a transporter.
 26536 | D:12     | Killed Anon1729's ghost
 26940 | Orc:2    | Bought a book of the Warp for 1260 gold pieces
 26947 | Orc:2    | Learned a level 6 spell: Dispersal
 27109 | D:13     | Found a gate leading to a gauntlet.
 27196 | Gauntlet | Entered a Gauntlet
 27196 | Gauntlet | Found a transporter.
 27196 | Gauntlet | Found a transporter.
 27196 | Gauntlet | Found a transporter.
 27247 | Gauntlet | Found a runed translucent door.
 27250 | Gauntlet | Found a transporter.
 27251 | Gauntlet | Found a transporter.
 27259 | Gauntlet | Found a transporter.
 27263 | Gauntlet | Found a transporter.
 27270 | Gauntlet | Found a transporter.
 27283 | Gauntlet | Received a gift from Nemelex Xobeh
 27288 | Gauntlet | Found a transporter.
 27293 | Gauntlet | Found a transporter.
 27320 | Gauntlet | Found a transporter.
 27337 | Gauntlet | Found a transporter.
 27341 | Gauntlet | Reached ****** piety under Nemelex Xobeh
 27591 | Gauntlet | Reached XP level 16. HP: 44/125 MP: 8/30
 27759 | Gauntlet | Identified a scroll of acquirement
 27759 | Gauntlet | Acquired a +1 pair of gloves of stealth
 28106 | D:13     | Received a gift from Nemelex Xobeh
 28438 | D:13     | Cast into level 2 of the Abyss (a wizard)
 28442 | D:13     | Escaped the Abyss
 28469 | D:13     | Found a gate to the Vaults.
 28886 | D:13     | Noticed Frances
 28892 | D:13     | Killed Frances
 29700 | D:14     | Received a gift from Nemelex Xobeh
 30465 | D:15     | Entered Level 15 of the Dungeon
 30746 | D:15     | Found a basalt altar of Yredelemnul.
 31484 | D:15     | Found a staircase to the Depths.
 31650 | D:15     | Received a gift from Nemelex Xobeh
 32464 | Swamp:1  | Entered Level 1 of the Swamp
 32645 | Swamp:1  | Identified the +0 hand axe of the Distant Future {flame,
                  | rC+ Dex+7}
 32788 | Swamp:1  | Reached XP level 17. HP: 133/133 MP: 14/32
 32987 | Swamp:1  | Found a transporter.
 33017 | Swamp:1  | Received a gift from Nemelex Xobeh
 33384 | Swamp:1  | Found a transporter.
 33506 | Swamp:1  | Noticed Nikola
 33522 | Swamp:1  | Killed Nikola
 34209 | Swamp:1  | Identified the ring "Ditairic" {+Inv rPois rF+ MP+9 Dex-3}
 34212 | Swamp:1  | Identified the +1 pair of gloves of the Mind {Dex+5}
 34285 | Swamp:2  | Reached skill level 10 in Ice Magic
 35067 | Swamp:2  | Received a gift from Nemelex Xobeh
 35536 | Swamp:3  | Killed from afar by a will-o-the-wisp

Illustrated notes

Levels and vault maps discovered:
D:1:      minmay_arrival_glassed_features, layout_basic
D:2:      layout_loops_ring, nicolae_elyvilon_peaceful_grove
D:3:      layout_loops_corners, cheibrodos_sewer_entry_sluice,
          chequers_ecumenical_altar_simple, gammafunk_ghost_split
D:4:      layout_cave_pools, minmay_temple_entry_poolview, serial_shops, shop,
          uniq_pikel
D:5:      layout_layer_cave, xom_confusion_cloud
D:6:      layout_basic
D:7:      layout_basic, uniq_menkaure
D:8:      layout_cave_pools, lemuel_altar_in_water
D:9:      layout_basic
D:10:     layout_irregular_city, nemelex_xobeh_ov_fountains_minmay, uniq_psyche,
          uniq_nergalle
D:11:     layout_cross, dpeg_oklobed_lair, david_orc_4, serial_shops,
          shop_statue, uniq_erolcha
D:12:     layout_roguey, portal_ice_cave_entry_pillars_1, nzn_ghost_randoct
D:13:     kennysheep_seaside_town, layout_loops_corners, david_vaults_4,
          gauntlet_entry_generic, uniq_frances
D:14:     layout_irregular_city, hangedman_abyss_or_decor_passed
D:15:     grunt_enter_depths_hoard, layout_basic,
          lemuel_mausoleum_altar_yredelemnul, minmay_misc_feat_cross,
          minmay_hollow_rounded_squares
Temple:   compressed_dpeg_circular_temple
Lair:1:   layout_loops_ring, chequers_serial_rivers_small_a, grunt_megastairs_2,
          serial_bayou_shore_b, minmay_lair_oklob_chamber, uniq_joseph
Lair:2:   nzn_winding_woodlands_large [nzn_winding_woodlands_5x5_default,
          nzn_winding_woodlands_5x15_split_checker,
          nzn_winding_woodlands_5x5_default,
          nzn_winding_woodlands_center_garden,
          nzn_winding_woodlands_15x15_killbox,
          nzn_winding_woodlands_center_lodge, nzn_winding_woodlands_hourglass,
          nzn_winding_woodlands_5x15_parted, nzn_winding_woodlands_5x5_default],
          layout_cave_pods
Lair:3:   layout_cellular_growth, swamp_mist, ebering_ghost_funeral_grove,
          uniq_gastronok
Lair:4:   layout_loops_ring, minmay_snake_entry_six_corridors
Lair:5:   layout_long_grid, serial_bayou, serial_bayou_ford_a,
          serial_bayou_pond_b, serial_bayou_shore_b, serial_bayou_shore_a,
          serial_bayou_shore_b, serial_bayou_pond_a, grunt_megastairs_1
Lair:6:   hangedman_lair_tendril_chambers, layout_gridlike, slime_altar_2,
          eino_small_chamber_without_monster, serial_bayou_shore_b
Swamp:1:  gammafunk_worm_tunnel, layout_basic_swamp,
          nicolae_swamp_round_clearing, swamp_pool3, hangedman_swamp_grove,
          uniq_nikola
Swamp:2:  layout_basic_swamp, evilmike_swamp_ruin_house_1,
          nicolae_swamp_triple_paths, infiniplex_staircase_pool_2
Swamp:3:  layout_falls_marsh, nicolae_swamp_godswood
Orc:1:    layout_diamond_mine
Orc:2:    grunt_orc_community_town_hall, layout_caves,
          grunt_orc_community_big_house_2, grunt_orc_community_big_house_1,
          grunt_orc_community_house_2, grunt_orc_community_house_2,
          grunt_orc_community_house_3, grunt_orc_community_house_3,
          minmay_orc_temple_b

Skill      XL: |  1  2  3  4  5  6  7  8  9 10 11 12 13 14 15 16 17 |
---------------+----------------------------------------------------+-----
Ice Magic      | 2 3 4 5 6 7 8 9 10 | 10.1
Invocations    | 1 2 3 4 5 6 7 8 9 10 11 12 | 12.5
Short Blades   | 1 2 3 4 5 6 8 9 10 11 | 11.5
Long Blades    | 1 2 3 4 5 6 8 9 10 11 | 11.5
Axes           | 1 2 3 4 5 6 8 9 10 11 | 11.5
Polearms       | 1 2 3 4 5 6 8 9 10 11 | 11.5
Staves         | 1 2 3 4 5 6 8 9 10 11 | 11.5
Slings         | 1 2 3 4 5 6 8 9 10 11 | 11.5
Bows           | 1 2 3 4 5 6 8 9 10 11 | 11.5
Crossbows      | 1 2 3 4 5 6 8 9 10 11 | 11.5
Throwing       | 1 2 3 4 5 6 8 9 10 11 | 11.5
Armour         | 1 2 3 4 5 6 8 9 10 11 | 11.5
Dodging        | 1 2 3 4 5 6 8 9 10 11 | 11.5
Stealth        | 1 2 3 4 5 6 8 9 10 11 | 11.5
Unarmed Combat | 1 2 3 4 5 6 8 9 10 11 | 11.5
Spellcasting   | 1 2 3 4 5 6 8 9 10 11 | 11.5
Evocations     | 1 2 3 4 5 6 8 9 10 11 | 11.5
Conjurations   | 1 2 3 4 5 6 7 8 9 |  9.9
Hexes          | 1 2 3 4 5 6 7 8 9 |  9.9
Summonings     | 1 2 3 4 5 6 7 8 9 |  9.9
Necromancy     | 1 2 3 4 5 6 7 8 9 |  9.9
Translocations | 1 2 3 4 5 6 7 8 9 |  9.9
Transmutations | 1 2 3 4 5 6 7 8 9 |  9.9
Fire Magic     | 1 2 3 4 5 6 7 8 9 |  9.9
Air Magic      | 1 2 3 4 5 6 7 8 9 |  9.9
Earth Magic    | 1 2 3 4 5 6 7 8 9 |  9.9
Maces & Flails | 3 4 5 6 7 8 9 10 11 | 11.8
Fighting       | 5 6 7 8 9 10 11 12 | 12.3
Shields        | 5 6 7 8 9 10 11 12 | 12.3
Poison Magic   | 8 9 10 11 | 11.9

Action                   |  1- 3 |  4- 6 |  7- 9 | 10-12 | 13-15 | 16-18 || total
-------------------------+-------+-------+-------+-------+-------+-------++-------
Melee: Whip              |    70 |    39 |       |       |       |       ||   109
       Bite              |     8 |     6 |    14 |     9 |    47 |    41 ||   125
       Mace              |       |    18 |       |       |       |       ||    18
       Quarterstaff      |       |    14 |    42 |       |       |       ||    56
       Flail             |       |       |    95 |       |       |       ||    95
       Punch             |       |       |     3 |       |       |       ||     3
       Trident           |       |       |     1 |   206 |   579 |   481 ||  1267
 Fire: Shortbow          |    66 |    87 |    39 |       |       |       ||   192
 Cast: Sting             |     3 |       |       |       |       |       ||     3
       Poisonous Vapours |    11 |    43 |    31 |    65 |    37 |    55 ||   242
       Olgreb's Toxic Ra |       |     3 |    11 |    47 |    69 |    71 ||   201
       Ignite Poison     |       |       |    17 |    59 |    81 |    96 ||   253
       Mephitic Cloud    |       |       |     3 |     2 |     9 |       ||    14
       Iskenderun's Myst |       |       |       |       |    11 |     3 ||    14
       Fireball          |       |       |       |       |    26 |    14 ||    40
       Starburst         |       |       |       |       |    16 |       ||    16
       Dispersal         |       |       |       |       |     1 |     1 ||     2
Invok: Draw Destruction  |       |     1 |     7 |     2 |    16 |    11 ||    37
       Draw Summoning    |       |       |     1 |     3 |     6 |     4 ||    14
       Draw Escape       |       |       |       |     1 |     3 |     3 ||     7
       Triple Draw       |       |       |       |     1 |     4 |     1 ||     6
Evoke: Wand              |       |       |     8 |     2 |    14 |     7 ||    31
  Use: Scroll            |       |    12 |     1 |    10 |     4 |     6 ||    33
       Potion            |       |       |       |       |     1 |     1 ||     2
 Stab: Sleeping          |       |     2 |     2 |     5 |    10 |    17 ||    36
       Distracted        |       |       |       |       |     1 |     1 ||     2
Armor: Robe              |    22 |    13 |    34 |    29 |   123 |    44 ||   265
       Leather armour    |       |       |       |       |       |    33 ||    33
Dodge: Dodged            |    44 |    96 |   120 |   137 |   343 |   186 ||   926
Block: Kite shield       |       |       |       |    95 |   305 |       ||   400
       Buckler           |       |       |       |       |    27 |   135 ||   162

Table legend: (Time is in decaauts)
 A = Elapsed time spent in this place.
 B = Non-inter-level travel time spent in this place.
 C = Inter-level travel time spent in this place.
 D = Time resting spent in this place.
 E = Time spent auto-exploring this place.
 F = Levels seen in this place.
 G = Mean time per level.
                   A        B        C        D        E       F      G
               +--------+--------+--------+--------+--------+-----+--------+
         Total |  35797 |  33541 |   2256 |   9863 |  15502 |  31 | 1154.7 |
       Dungeon |  18214 |  16911 |   1303 |   4241 |   8398 |  15 | 1214.3 |
        Temple |      1 |      1 |      0 |      0 |      0 |   1 |    1.0 |
          Lair |   8949 |   8428 |    521 |   2557 |   4172 |   6 | 1491.5 |
         Swamp |   3164 |   3045 |    119 |   1308 |   1103 |   3 | 1054.7 |
  Orcish Mines |   3226 |   2914 |    312 |   1107 |   1044 |   2 | 1613.0 |
         Abyss |      3 |      3 |      0 |      0 |      0 |   1 |    3.0 |
         Sewer |    837 |    837 |      0 |    172 |    473 |   1 |  837.0 |
      Ice Cave |    820 |    820 |      0 |    301 |    194 |   1 |  820.0 |
      Gauntlet |    579 |    579 |      0 |    177 |    116 |   1 |  579.0 |
               +--------+--------+--------+--------+--------+-----+--------+

Top non-repeatable levels by time:
   Orc:2: 1986 daAuts
  Lair:6: 1968 daAuts
 Swamp:1: 1849 daAuts
    D:15: 1792 daAuts
    D:10: 1789 daAuts
  Lair:2: 1787 daAuts
    D:13: 1667 daAuts
    D:11: 1630 daAuts
  Lair:1: 1611 daAuts
     D:1: 1501 daAuts
  Lair:3: 1401 daAuts
     D:3: 1391 daAuts
   Orc:1: 1240 daAuts
    D:14: 1220 daAuts
     D:5: 1212 daAuts
